 Dungeon Crawl Stone Soup version 0.28.0 (webtiles) character file.

Game seed: 9048277731210175353

46 ProzacElf the Gusty (level 3, -19/19 HPs)
             Began as a Kobold Air Elementalist on Feb 14, 2022.
             Killed by an exploding adder (24 damage)
             ... ignited by their inner flame
             ... on level 2 of the Dungeon.
             The game lasted 00:06:51 (2492 turns).

ProzacElf the Gusty (Kobold Air Elementalist)       Turns: 2492, Time: 00:06:51

Health: -19/19     AC:  2    Str:  7    XL:     3   Next: 95%
Magic:  5/6        EV: 15    Int: 16    God:
Gold:   52         SH:  0    Dex: 15    Spells: 0/6 levels left

rFire   . . .      SeeInvis .   a - +0 rapier
rCold   . . .      Faith    .   (no shield)
rNeg    . . .      Spirit   .   g - +0 robe
rPois   .          Reflect  .   (no helmet)
rElec   .          Harm     .   (no cloak)
rCorr   .          Rampage  .   (no gloves)
Will    .....                   (no boots)
Stlth   +++.......              (no amulet)
HPRegen 0.06/turn               (no ring)
MPRegen 0.10/turn               (no ring)

@: no status effects
A: small, no large weapons, nightstalker 3
a: no special abilities


You were on level 2 of the Dungeon.
You visited 1 branch of the dungeon, and saw 2 of its levels.

You collected 52 gold pieces.

Inventory:

Hand Weapons
 a - a +0 rapier (weapon)
 e - a +0 club
 l - a +0 short sword
 n - a +0 dagger
Missiles
 b - 4 poisoned darts (quivered)
 d - 26 bolts
 m - 5 stones
 o - 5 curare-tipped darts
Armour
 g - a +0 robe (worn)
 q - a +0 pair of boots
Scrolls
 h - a scroll of vulnerability {unknown}
 i - 2 scrolls of immolation
 j - a scroll of magic mapping {unknown}
 k - a scroll of identify {unknown}
Potions
 c - 2 potions of attraction {unknown}
 f - a potion of magic {unknown}
 p - a potion of cancellation {unknown}


   Skills:
 - Level 2.4 Dodging
 - Level 3.0 Stealth
 - Level 2.1 Spellcasting
 + Level 2.4 Conjurations
 + Level 3.7 Air Magic


You couldn't memorise any spells.
You knew the following spells:

 Your Spells              Type           Power      Damage    Failure   Level
a - Shock                 Conj/Air       44%        1d5       6%          1
b - Static Discharge      Conj/Air       11%        N/A       9%          2
w - Swiftness             Air            13%        N/A       13%         3

Your spell library contained the following spells:

 Spells                   Type           Power      Damage    Failure   Level
 Airstrike                Air            6%         N/A       41%         4


Dungeon Overview and Level Annotations

Branches:
Dungeon (2/15)

Altars:


Innate Abilities, Weirdness & Mutations

You are small and have problems with some larger weapons.
You are completely attuned to the shadows.


Message History

Tha worm be moderately wounded.
Tha lightnin' grounds out.
Ye now haf 4/6 mp.
Castin': Static Discharge (safe; 9% risk o' failure) Confirm wit' . or Enter, or press ? or * ta list all spells.
Tha worm be struck by an arc o' lightnin'.
Tha worm be severely wounded.
Ye be struck by an arc o' lightnin'.
Tha lightnin' grounds out.
Tha worm bites ye!
* * * LOW HITPOINT WARNIN'
* * * Ye take 10 damage, an' haf 2/19 hp.
MASSIVE DAMAGE!!
Ye now haf 2/6 mp.
Ye see 'ere a ball python corpse.
A bat comes inta view.
Ye see 'ere an adder skeleton.
MP restored: 6 A ball python comes inta view.
Ye be too injured ta fight recklessly!
Ye be too injured ta fight recklessly!
An adder comes inta view.
A worm comes inta view.
As ye read tha scroll labelled GYCEBRY SEARI, it crumbles ta dust.
Tha creatures around ye be filled wit' an inner flame!
It was a scroll o' immolation.
Tha adder hisses angrily.
Castin': Static Discharge (safe; 9% risk o' failure) Confirm wit' . or Enter, or press ? or * ta list all spells.
Aimin': Shock (safe; 6% risk o' failure)
Press: ? - help, Shift-Dir - straight line, f - ball python
Aim: a ball python (wanderin', inner flame, hasn't noticed ye, 64% ta hit) Tha zap hits tha ball python.
Flame seeps outta tha ball python.
Tha ball python be heavily wounded.
Tha ball python hisses angrily.
Tha ball python be 'ngulfed in blazin' flames.
Tha ball python 'splodes!
Tha fiery 'splosion 'ngulfs tha worm!!
Tha fiery 'splosion 'ngulfs tha adder!!!
Tha adder 'splodes!
Tha fiery 'splosion 'ngulfs ye!!
Ouch! Tha re'lly hurt!
Ye die...

#. #. #. ##########+# ##
....<##....#
#....§§.####
#....§○§######
#....§§§.....###########
#.....§@§....##......#..
#............##......#.#
..........##......#..
...........+......#..
####.......#......#..
#................#
#####..÷.......###
#÷...#####... #......
..###


There were no monsters in sight!

Vanquished Creatures
  2 adders (D:2)
  A worm (D:2)
  A dart slug (D:1)
  3 bats
  4 endoplasms (D:1)
  3 giant cockroaches (D:1)
  5 hobgoblins (D:1)
  3 kobolds (D:1)
  3 quokkas (D:1)
  4 ball pythons
  2 frilled lizards (D:1)
  2 goblins
  3 rats
36 creatures vanquished.

Notes
Turn   | Place    | Note
-------+----------+-------------------------------------------
     0 | D:1      | ProzacElf the Kobold Air Elementalist began the quest for
                  | the Orb.
     0 | D:1      | Reached XP level 1. HP: 10/10 MP: 3/3
   214 | D:1      | Reached XP level 2. HP: 15/15 MP: 1/5
   421 | D:1      | Learned a level 2 spell: Static Discharge
  1220 | D:1      | Reached XP level 3. HP: 19/19 MP: 3/6
  1532 | D:1      | Learned a level 3 spell: Swiftness
  2492 | D:2      | Killed by an exploding adder... ignited by their inner
                  | flame

Illustrated notes

Levels and vault maps discovered:
D:1:      nzn_arrival_water_spiral, layout_basic
D:2:      layout_basic, shapermc_ecumenical_altar_mp_vishouse, basic_altar,
          uniq_robin

Skill      XL: |  1  2  3 |
---------------+----------+-----
Stealth        | 3 |  3.0
Conjurations   | 2 |  2.4
Dodging        | |  2.4
Spellcasting   | |  2.1
Air Magic      | |  3.7

Action                   || total
-------------------------++-------
Melee: Club              ||    12
       Rapier            ||    11
Throw: Dart              ||     3
 Cast: Shock             ||    44
       Static Discharge  ||    17
  Use: Scroll            ||     1
 Stab: Sleeping          ||     3
Armor: Robe              ||     2
Dodge: Dodged            ||    34
